[Event "2026 European Womens Championship"]
[Site "Batumi, GE"]
[Date "2026.06.01"]
[Round "7"]
[White "Orian, Noga"]
[Black "Toncheva, Nadya"]
[Result "0-1"]
[Board "66"]
[TimeControl "5400+30"]
[WhiteFideId "2836475"]
[BlackFideId "2924056"]
[WhiteElo "2231"]
[BlackElo "2320"]
[WhiteTitle "WIM"]
[BlackTitle "WGM"]
[WhiteClock "0:10:35"]
[BlackClock "0:28:34"]
[Variant "Standard"]

1. d4 d5 2. c4 e6 3. Nf3 Nf6 4. g3 Bb4+ 5. Nbd2 O-O 6. Bg2 dxc4 7. Qc2 a5 8. a3 Bxd2+ 9. Bxd2 b5 10. a4 c6 11. h4 Bb7 12. h5 h6 13. g4 Nxg4 14. Bh3 Nf6 15. Bxh6 gxh6 16. Bxe6 Kh8 17. Ne5 Qxd4 18. Nxf7+ Rxf7 19. Rd1 Qc5 20. Bxf7 Nbd7 21. Be6 Nf8 22. Qc1 Qg5 23. Qxg5 hxg5 24. Bf5 Nd5 25. Rg1 Nh7 26. axb5 cxb5 27. Bxh7 Kxh7 28. Rxg5 b4 29. e4 Nf4 30. Rd7+ Kh6 31. Rb5 Bxe4 32. Rd4 Re8 33. Kd2 c3+ 34. bxc3 bxc3+ 35. Kxc3 Ne2+ 36. Kc4 Nxd4 37. Kxd4 a4 38. Ra5 Bc2 39. Kc3 Bb3 40. f4 Re4 41. f5 Rf4 42. Ra6+ Kxh5 43. f6 Kg4 44. Kb2 Kf3 45. Ka3 Ke4 46. Rd6 Ke5 47. Rd2 Rxf6 48. Rh2 Kd4 49. Rh4+ Kc5 50. Rh5+ Bd5 51. Kxa4 Ra6# 0-1

[Event "2026 European Womens Championship"]
[Site "Batumi, GE"]
[Date "2026.06.01"]
[Round "7"]
[White "Poliakova, Varvara"]
[Black "Kazarian, Anna-Maja"]
[Result "0-1"]
[Board "67"]
[TimeControl "5400+30"]
[WhiteFideId "13518313"]
[BlackFideId "1033689"]
[WhiteElo "2108"]
[BlackElo "2317"]
[WhiteTitle "WFM"]
[BlackTitle "FM"]
[WhiteClock "0:02:07"]
[BlackClock "0:03:59"]
[Variant "Standard"]

1. c4 Nf6 2. Nc3 e6 3. d4 Bb4 4. Qc2 O-O 5. Bg5 h6 6. Bh4 d6 7. Nf3 Nbd7 8. O-O-O Bxc3 9. Qxc3 g5 10. Bg3 Ne4 11. Qc2 f5 12. Nd2 Nxd2 13. Rxd2 Nf6 14. f3 Qe7 15. e4 fxe4 16. fxe4 e5 17. d5 Bg4 18. Bf2 Bh5 19. h3 Bg6 20. Bd3 Nh5 21. Re1 Rf6 22. c5 Qf7 23. Bg1 Nf4 24. Bc4 Kg7 25. Qb3 b6 26. cxd6 cxd6 27. Ba6 Rd8 28. Rc2 Rd7 29. Qc4 Nxg2 30. Rd1 Bh5 31. Rdd2 Ne1 32. Rc3 Nf3 33. Rg2 Nxg1 34. Rxg1 Rf2 35. Qc6 Bg6 36. Bd3 Qf4+ 37. Kb1 Rf7 38. Rd1 Bh5 39. Rdc1 Qd2 40. R1c2 Qe1+ 41. Rc1 Qe3 42. Qxd6 Qd4 43. Qa3 Rd2 44. Bc2 Be2 45. Ka1 b5 46. Qd6 Bc4 47. h4 gxh4 48. Qe6 Rg2 49. Qh3 Qd2 50. Rd1 Qg5 51. b3 Be2 52. Rh1 Bf1 53. Rxf1 Rxf1+ 54. Bb1 Rf7 55. d6 Qd2 56. Rc2 Qd4+ 57. Qc3 Rxc2 58. Qxd4 exd4 59. Bxc2 Kf6 0-1

[Event "2026 European Womens Championship"]
[Site "Batumi, GE"]
[Date "2026.06.01"]
[Round "7"]
[White "Sliwicka, Alicja"]
[Black "Kobak, Polina"]
[Result "0-1"]
[Board "68"]
[TimeControl "5400+30"]
[WhiteFideId "1150677"]
[BlackFideId "24269727"]
[WhiteElo "2315"]
[BlackElo "1986"]
[WhiteTitle "WGM"]
[BlackTitle "WFM"]
[WhiteClock "0:01:01"]
[BlackClock "0:03:48"]
[Variant "Standard"]

1. e4 e6 2. d4 d5 3. Nc3 Nc6 4. Nf3 Nf6 5. Bd3 Nb4 6. e5 Nxd3+ 7. cxd3 Ng8 8. Ne2 h6 9. h4 a5 10. Nf4 Ne7 11. Nh5 b6 12. b3 Ng6 13. Kf1 Ba6 14. g3 Qd7 15. a4 O-O-O 16. Kg2 Kb8 17. Bb2 Rg8 18. Qd2 Be7 19. Rhe1 Rdf8 20. Bc3 f6 21. exf6 gxf6 22. Rad1 Bb7 23. Nf4 Nxf4+ 24. Qxf4 e5 25. Qxh6 e4 26. Nh2 Bd6 27. dxe4 dxe4 28. d5 f5 29. Bf6 Bc8 30. Bg5 Qf7 31. h5 f4 32. Rf1 Qf5 33. Bh4 Qh3+ 34. Kh1 Bg4 35. f3 Bxf3+ 36. Rxf3 exf3 37. Rd2 fxg3 0-1

[Event "2026 European Womens Championship"]
[Site "Batumi, GE"]
[Date "2026.06.01"]
[Round "7"]
[White "Antova, Gabriela"]
[Black "Danielian, Elina"]
[Result "0-1"]
[Board "69"]
[TimeControl "5400+30"]
[WhiteFideId "2915235"]
[BlackFideId "13300210"]
[WhiteElo "2203"]
[BlackElo "2390"]
[WhiteTitle "WGM"]
[BlackTitle "GM"]
[WhiteClock "0:29:13"]
[BlackClock "0:22:51"]
[Variant "Standard"]

1. e4 d6 2. d4 Nf6 3. Nc3 g6 4. Be3 c6 5. Qd2 Nbd7 6. a4 Qc7 7. f3 b6 8. g4 Bb7 9. g5 Nh5 10. Nge2 h6 11. gxh6 a6 12. Ng3 Nhf6 13. h4 d5 14. e5 c5 15. Bf4 cxd4 16. Nce2 Nxe5 17. Nxd4 Bxh6 18. Nge2 Bxf4 19. Qxf4 O-O-O 20. O-O-O Nc4 21. Qg5 Rh5 22. Qg1 e5 23. Nb3 d4 24. Ng3 Ne3 25. Rd2 Rhh8 26. Bd3 Nfd5 27. Rhh2 Kb8 28. a5 bxa5 29. Ne4 Ka7 30. Nec5 Rb8 31. Qg3 Nf4 32. Kb1 Rhc8 33. Qg5 a4 34. Nxa4 Qd6 35. Be4 Bxe4 36. fxe4 f6 37. Qg1 Qb4 38. Nc3 Ka8 39. Nd1 Nc4 40. Rdf2 a5 41. Rxf4 exf4 42. Qxg6 a4 43. Qxf6 Rb6 44. Qf5 Rcb8 45. Qd5+ Ka7 46. Nxd4 Qxb2+ 0-1

[Event "2026 European Womens Championship"]
[Site "Batumi, GE"]
[Date "2026.06.01"]
[Round "7"]
[White "Efroimski, Marsel"]
[Black "Charkhalashvili, Inga"]
[Result "1-0"]
[Board "70"]
[TimeControl "5400+30"]
[WhiteFideId "2810964"]
[BlackFideId "13601431"]
[WhiteElo "2386"]
[BlackElo "2235"]
[WhiteTitle "IM"]
[BlackTitle "WGM"]
[WhiteClock "0:19:39"]
[BlackClock "0:57:19"]
[Variant "Standard"]

1. e4 c6 2. d4 d5 3. e5 Bf5 4. h4 h5 5. Bd3 Bxd3 6. Qxd3 e6 7. Bg5 Qb6 8. Nd2 Ne7 9. Ngf3 Nf5 10. O-O Nd7 11. c4 Qa6 12. b3 Be7 13. Bxe7 Kxe7 14. a4 Rhd8 15. Qc3 Kf8 16. Rfc1 g6 17. cxd5 cxd5 18. Qb4+ Ke8 19. Rc7 b6 20. Rac1 Rac8 21. Nf1 Rxc7 22. Rxc7 Rc8 23. Qb5 1-0

[Event "2026 European Womens Championship"]
[Site "Batumi, GE"]
[Date "2026.06.01"]
[Round "7"]
[White "Sivanandan, Bodhana"]
[Black "Piddubna, Bozhena"]
[Result "1/2-1/2"]
[Board "71"]
[TimeControl "5400+30"]
[WhiteFideId "497592"]
[BlackFideId "34109293"]
[WhiteElo "2374"]
[BlackElo "2235"]
[WhiteTitle "FM"]
[BlackTitle "WIM"]
[WhiteClock "0:04:21"]
[BlackClock "0:04:05"]
[Variant "Standard"]

1. e4 e5 2. Nf3 Nc6 3. Bc4 Nf6 4. d3 Bc5 5. O-O d6 6. c3 a5 7. Nbd2 Ba7 8. Bb3 O-O 9. h3 Be6 10. Re1 Qd7 11. Nf1 h6 12. Bc2 d5 13. exd5 Qxd5 14. Be3 Bxe3 15. Nxe3 Qc5 16. Bb3 Bxb3 17. Qxb3 Rfd8 18. Rad1 b5 19. a4 b4 20. Nc4 bxc3 21. bxc3 Rab8 22. Qa2 Re8 23. Nfd2 Qd5 24. Qc2 Rbd8 25. Ne4 Nh5 26. Ne3 Qe6 27. Nc5 Qg6 28. Qe2 Nf4 29. Qg4 Qxg4 30. hxg4 Nd5 31. Nb7 Rd7 32. Nxd5 Rxd5 33. c4 Rd4 34. f3 f6 35. Nc5 Kf7 36. Kf2 Rb8 37. Rb1 Nb4 38. Ke2 Rd6 39. Red1 Rc6 40. Nb3 Na2 41. Nxa5 Nc3+ 42. Ke1 Rxb1 43. Rxb1 Ra6 44. Rb3 Rxa5 45. Rxc3 Rxa4 46. Rc2 Kg6 47. Rb2 Ra7 48. Kf2 h5 49. gxh5+ Kxh5 50. g3 Kg5 51. Rb8 Kf5 52. Re8 g5 53. Rg8 Ra2+ 54. Ke3 Ke6 55. Rg7 c6 56. g4 Ra1 57. Rc7 Kd6 58. Rc8 Re1+ 59. Kd2 Rf1 60. Ke2 Ra1 61. Rd8+ Ke7 62. Rh8 Kd6 63. Kd2 Rf1 64. Rh3 Ra1 65. Ke2 Rb1 66. Rh6 Ke6 67. Rh8 Ra1 68. Rd8 Ke7 69. Rb8 Kd6 70. Rb7 Ke6 71. Rb6 Kd6 72. Rb8 Ke6 73. Rb7 Kd6 74. Rb6 Kc7 75. Rb2 Kd6 76. Rb6 Kc7 77. Rb2 Kd6 78. Rb6 1/2-1/2

[Event "2026 European Womens Championship"]
[Site "Batumi, GE"]
[Date "2026.06.01"]
[Round "7"]
[White "Klek, Hanna Marie"]
[Black "Kirtadze, Anastasia"]
[Result "1-0"]
[Board "72"]
[TimeControl "5400+30"]
[WhiteFideId "24670057"]
[BlackFideId "13622714"]
[WhiteElo "2369"]
[BlackElo "2233"]
[WhiteTitle "WGM"]
[BlackTitle "WIM"]
[WhiteClock "0:20:35"]
[BlackClock "0:01:05"]
[Variant "Standard"]

1. e4 c5 2. Nf3 e6 3. d4 cxd4 4. Nxd4 Nf6 5. Nc3 Nc6 6. Nxc6 bxc6 7. e5 Nd5 8. Ne4 Qc7 9. f4 Qb6 10. c4 Bb4+ 11. Ke2 f5 12. Nf2 Ba6 13. Kf3 Ne7 14. h4 h5 15. Be3 Bc5 16. Bxc5 Qxc5 17. Qd6 Qb6 18. b4 Rd8 19. Rd1 Nc8 20. Qc5 Qb8 21. Nh3 Bb7 22. Ng5 Rh6 23. Bd3 Nb6 24. Bc2 Ba8 25. Rhe1 Qb7 26. Kg3 Qa6 27. Bb3 Qb7 28. Re2 Rg6 29. Kh2 Nc8 30. Rd3 Qc7 31. Red2 Rh6 32. Bd1 Qb6 33. Kh3 Qb8 34. Bxh5+ Rxh5 35. Nxe6 d6 36. exd6 Rd7 37. Qe5 Rh7 38. Nc7+ 1-0

[Event "2026 European Womens Championship"]
[Site "Batumi, GE"]
[Date "2026.06.01"]
[Round "7"]
[White "Jimenez Fernandez, Rebeca"]
[Black "Bulmaga, Irina"]
[Result "0-1"]
[Board "73"]
[TimeControl "5400+30"]
[WhiteFideId "32070934"]
[BlackFideId "13903063"]
[WhiteElo "2166"]
[BlackElo "2361"]
[WhiteTitle "WFM"]
[BlackTitle "IM"]
[WhiteClock "0:16:14"]
[BlackClock "0:12:26"]
[Variant "Standard"]

1. e4 c5 2. Nf3 Nc6 3. Bb5 g6 4. O-O Bg7 5. Re1 Nf6 6. c3 O-O 7. h3 Qb6 8. a4 Rd8 9. d4 cxd4 10. cxd4 d5 11. e5 Ne4 12. Nc3 Be6 13. Be3 a6 14. Bxc6 Nxc3 15. bxc3 Qxc6 16. Qd2 Rac8 17. Rec1 f6 18. a5 Bf5 19. Bh6 Bh8 20. Bf4 Be4 21. Qe3 g5 22. Bh2 Bg6 23. Nd2 Qb5 24. Ra3 fxe5 25. Bxe5 Bxe5 26. dxe5 d4 27. Qxg5 Qb2 28. Raa1 dxc3 29. Ne4 Qb4 30. Ng3 c2 31. Nf5 Rc7 32. Nh6+ Kh8 33. e6 Qc5 34. Qg3 Kg7 35. Nf7 Rd2 36. Qf4 Rd4 37. Qg3 Rd2 38. Qf4 Qc3 39. Kh2 Rc4 40. Qb8 Bxf7 41. exf7 Kxf7 42. Qxb7 Rb4 43. Qa8 Qe5+ 44. Kg1 Qxa1 45. Rxa1 Rb1+ 46. Kh2 c1=Q 47. Qf3+ Ke8 48. Rxb1 Qxb1 49. Qc6+ Kd8 50. Qa8+ Kc7 51. Qa7+ Qb7 52. Qc5+ Kb8 0-1

[Event "2026 European Womens Championship"]
[Site "Batumi, GE"]
[Date "2026.06.01"]
[Round "7"]
[White "Brunello, Marina"]
[Black "Hryzlova, Sofiia"]
[Result "1/2-1/2"]
[Board "74"]
[TimeControl "5400+30"]
[WhiteFideId "822590"]
[BlackFideId "14174669"]
[WhiteElo "2346"]
[BlackElo "2226"]
[WhiteTitle "IM"]
[BlackTitle "WIM"]
[WhiteClock "0:03:17"]
[BlackClock "0:01:05"]
[Variant "Standard"]

1. e4 c5 2. Nf3 d6 3. d4 cxd4 4. Nxd4 Nf6 5. Nc3 a6 6. Be3 e5 7. Nf3 Be7 8. Bc4 O-O 9. Bb3 Nc6 10. Qe2 Be6 11. O-O h6 12. Rfd1 Rc8 13. Nd5 Bxd5 14. Bxd5 Nxd5 15. Rxd5 Qd7 16. c3 Qg4 17. Bb6 Nb8 18. h3 Qg6 19. Re1 Nd7 20. Ba5 Nc5 21. Bb4 Qe6 22. Red1 b5 23. Bxc5 Rxc5 24. Rxc5 dxc5 25. Rd5 Bf6 26. c4 Rb8 27. b3 Qe7 28. Qd3 Qc7 29. g3 Qa5 30. cxb5 Qxa2 31. Rxc5 axb5 32. Kg2 Qb2 33. h4 b4 34. Qc4 Qa3 35. Rc7 Rf8 36. Rb7 Qa8 37. Qxb4 Qc8 38. Nd2 Bxh4 39. Nc4 Bf6 40. Nd6 Qe6 41. Nf5 Qc8 42. Rb6 Bg5 43. Qd6 Re8 44. Qd5 Qd8 45. Rd6 Qa8 46. b4 Qxd5 47. Rxd5 Rb8 48. b5 g6 49. Nd6 Be7 50. Nc4 f6 51. b6 Kf7 52. Rb5 Ke8 53. Na5 Bd8 54. Nc4 Kd7 55. b7 Kc6 56. Rd5 Bc7 57. Ne3 h5 58. Rd2 Rxb7 59. Nd5 Bd8 60. Ra2 Rf7 61. Ra6+ Kd7 62. f3 Ke8 63. Ra8 Rf8 64. Ra7 Rf7 65. Ra8 Kd7 66. Ra7+ Ke8 1/2-1/2

[Event "2026 European Womens Championship"]
[Site "Batumi, GE"]
[Date "2026.06.01"]
[Round "7"]
[White "Chernyak, Viktoria"]
[Black "Gaponenko, Inna"]
[Result "1-0"]
[Board "75"]
[TimeControl "5400+30"]
[WhiteFideId "24165956"]
[BlackFideId "14101181"]
[WhiteElo "2191"]
[BlackElo "2331"]
[WhiteTitle "WGM"]
[BlackTitle "IM"]
[WhiteClock "0:13:49"]
[BlackClock "0:00:58"]
[Variant "Standard"]

1. c4 g6 2. d4 Nf6 3. Nc3 Bg7 4. e4 d6 5. Be2 O-O 6. Nf3 e5 7. Be3 exd4 8. Nxd4 Re8 9. f3 c6 10. O-O d5 11. cxd5 Nxd5 12. Nxd5 cxd5 13. Qb3 a5 14. Rad1 Nc6 15. Bb5 Bd7 16. Qxd5 Be5 17. Nxc6 bxc6 18. Bxc6 Bxc6 19. Qxc6 Qh4 20. f4 Bxb2 21. e5 a4 22. Rd7 Qg4 23. Rfd1 a3 24. Qd5 Qf5 25. Rd6 Qc8 26. Rd7 Rf8 27. e6 Bf6 28. exf7+ Kg7 29. Bc5 Ra4 30. g3 Ra6 31. Bxf8+ Qxf8 32. Re1 Ra4 33. Re8 1-0

[Event "2026 European Womens Championship"]
[Site "Batumi, GE"]
[Date "2026.06.01"]
[Round "7"]
[White "Khukhashvili, Sopiko"]
[Black "Sieber, Fiona"]
[Result "0-1"]
[Board "76"]
[TimeControl "5400+30"]
[WhiteFideId "13602055"]
[BlackFideId "12902373"]
[WhiteElo "2329"]
[BlackElo "2224"]
[WhiteTitle "IM"]
[BlackTitle "WGM"]
[WhiteClock "0:02:55"]
[BlackClock "0:41:39"]
[Variant "Standard"]

1. e4 c5 2. Nf3 d6 3. d4 cxd4 4. Qxd4 Nc6 5. Qe3 g6 6. c4 Bg7 7. Nc3 Bg4 8. Be2 Nf6 9. O-O Nd7 10. Rb1 O-O 11. b3 Qb6 12. Nd5 Qxe3 13. Bxe3 Nc5 14. h3 Bxf3 15. Bxf3 e6 16. Nc7 Rad8 17. Nb5 Be5 18. b4 Na4 19. Bd1 Nb2 20. Be2 a6 21. f4 Bg7 22. Na3 Na4 23. b5 Nd4 24. Bxd4 Bxd4+ 25. Kh2 Nc3 26. Rbe1 Nxe4 27. Bf3 Nd2 28. Bxb7 Nxf1+ 29. Rxf1 axb5 30. cxb5 d5 31. Nc2 Bc3 32. Rf3 d4 33. Rd3 f6 34. Kg3 e5 35. Kf3 Kf7 36. g3 Ke6 37. Bc6 Rc8 38. Na3 Rxc6 39. bxc6 Kd5 40. Rd1 e4+ 41. Kf2 Kxc6 42. Rb1 Ra8 43. Rb3 Ra4 44. g4 Bb4 45. Nc4 Rxa2+ 46. Rb2 Rxb2+ 47. Nxb2 Kd5 48. h4 f5 49. gxf5 gxf5 50. h5 Bd6 51. Kg3 d3 52. Kf2 Bxf4 53. Na4 Ke5 0-1

[Event "2026 European Womens Championship"]
[Site "Batumi, GE"]
[Date "2026.06.01"]
[Round "7"]
[White "Mgeladze, Kesaria"]
[Black "Nomin-Erdene, Davaademberel"]
[Result "0-1"]
[Board "77"]
[TimeControl "5400+30"]
[WhiteFideId "13621130"]
[BlackFideId "4900782"]
[WhiteElo "2147"]
[BlackElo "2328"]
[WhiteTitle "WIM"]
[BlackTitle "IM"]
[WhiteClock "0:02:06"]
[BlackClock "0:02:04"]
[Variant "Standard"]

1. e4 e5 2. Nf3 Nc6 3. Bb5 a6 4. Ba4 Bc5 5. O-O Nge7 6. c3 Ng6 7. d4 Ba7 8. Bg5 f6 9. Be3 O-O 10. h4 d6 11. h5 Nf4 12. Bxf4 exf4 13. Nh4 f5 14. Nxf5 Bxf5 15. exf5 Rxf5 16. Qb3+ d5 17. Qxb7 Na5 18. Qxa6 Rxh5 19. Qe6+ Kf8 20. Qg4 Rh6 21. Qxf4+ Kg8 22. Nd2 Bb8 23. Nf3 Nc4 24. Bc2 Raa6 25. Ng5 c5 26. Qf7+ Kh8 27. Rfe1 Bh2+ 28. Kf1 Nd2+ 29. Ke2 Nc4 30. Kd1 Ra8 31. Re7 Qg8 32. Qf3 Nd6 33. g3 Rf8 34. Qg2 cxd4 35. cxd4 Rh5 36. Nf3 Nf5 37. Re5 Qf7 38. Rxf5 Rxf5 39. Bxf5 Qxf5 40. Rc1 Qg4 41. Rc3 h6 42. Ke2 Qe4+ 43. Re3 Qc2+ 44. Nd2 Qxb2 45. Qxh2 Qxd4 46. Qh5 Qf6 47. f4 Qa6+ 48. Kf3 d4 49. Qc5 Rd8 50. Ra3 Qb7+ 51. Kf2 d3 52. Qe3 Qb5 53. Rb3 Qd5 54. a4 Qf5 55. Rb5 Qh3 56. Qf3 Re8 57. Re5 Rc8 58. Qxd3 Qh2+ 59. Kf3 Qh1+ 60. Kg4 Qd1+ 61. Qe2 Qxa4 62. Qe4 Qd1+ 63. Nf3 Rf8 64. Rd5 Qh1 65. Qe7 Rf6 66. Qe8+ Kh7 67. Rh5 Qd1 68. f5 Ra6 69. f6 Ra4+ 70. Qxa4 Qxa4+ 71. Kf5 g6+ 72. Ke6 Qc6+ 73. Ke7 Qc7+ 74. Ke8 Qc8+ 75. Ke7 Qc7+ 76. Ke8 gxh5 77. f7 Qb8+ 78. Ke7 Kg7 0-1

[Event "2026 European Womens Championship"]
[Site "Batumi, GE"]
[Date "2026.06.01"]
[Round "7"]
[White "Iglesias, Yosha"]
[Black "Tirpan, Ceren"]
[Result "1-0"]
[Board "78"]
[TimeControl "5400+30"]
[WhiteFideId "637823"]
[BlackFideId "26385309"]
[WhiteElo "2325"]
[BlackElo "2209"]
[WhiteTitle "FM"]
[BlackTitle "WFM"]
[WhiteClock "0:06:20"]
[BlackClock "0:04:32"]
[Variant "Standard"]

1. d4 Nf6 2. Nf3 g6 3. Bg5 Bg7 4. Nbd2 d5 5. e3 c5 6. c3 Nbd7 7. Be2 O-O 8. O-O b6 9. a4 Bb7 10. a5 Ne4 11. Nxe4 dxe4 12. Nd2 cxd4 13. cxd4 h6 14. Bh4 g5 15. Bg3 e5 16. Qb1 f5 17. Bc4+ Kh8 18. a6 Bc8 19. dxe5 Nxe5 20. Rd1 Qe7 21. Bd5 Rb8 22. Bxe5 Qxe5 23. Nc4 Qf6 24. Ra2 Rd8 25. b3 Bd7 26. Bb7 Bb5 27. g4 fxg4 28. Rad2 Qe7 29. Qxe4 Rxd2 30. Qxe7 Rxd1+ 31. Kg2 Re8 32. Qf7 Rf8 33. Qg6 Be8 34. Qc2 Rd8 35. Qe4 Bh5 36. Qe6 Rde8 37. Qd7 Rd8 38. Qc7 b5 39. Nd6 Bg6 40. Qe7 b4 41. e4 Bd4 42. Nf5 Rfe8 43. Qc7 Be5 44. Qc5 Bxf5 45. exf5 h5 46. f6 Bxf6 47. Qf5 Bd4 48. Qxg5 Rf8 49. Qxh5+ Kg7 50. Qg5+ Kh8 51. Qh6+ Kg8 52. Bd5+ Rxd5 53. Qe6+ Kg7 54. Qxd5 Rxf2+ 55. Kg3 Bb6 56. Qd7+ Rf7 57. Qxg4+ Kh8 58. Qxb4 Bc7+ 59. Kg2 Rg7+ 60. Kh1 Rh7 61. Qf8# 1-0

[Event "2026 European Womens Championship"]
[Site "Batumi, GE"]
[Date "2026.06.01"]
[Round "7"]
[White "Avramidou, Anastasia"]
[Black "Abdinova, Narmin"]
[Result "1-0"]
[Board "79"]
[TimeControl "5400+30"]
[WhiteFideId "4239873"]
[BlackFideId "13425340"]
[WhiteElo "2320"]
[BlackElo "2165"]
[WhiteTitle "FM"]
[BlackTitle "WIM"]
[WhiteClock "0:13:37"]
[BlackClock "0:06:45"]
[Variant "Standard"]

1. Nf3 Nf6 2. g3 d5 3. Bg2 g6 4. O-O Bg7 5. c4 c6 6. Qc2 O-O 7. d4 Ne4 8. Nc3 f5 9. Bf4 e6 10. Be5 Bh6 11. b4 Nd7 12. a4 Nb6 13. c5 Nc4 14. Bf4 g5 15. Bc1 Qf6 16. e3 Bd7 17. Ne2 Be8 18. Ne1 Qe7 19. f3 Nf6 20. Nd3 e5 21. Nxe5 Nxe5 22. dxe5 Qxe5 23. Ra3 Bg6 24. Bb2 Qe7 25. Qd2 Rae8 26. Bd4 Nd7 27. f4 gxf4 28. Nxf4 Ne5 29. Qc3 Bg7 30. b5 Kh8 31. Rb3 Ng4 32. Rfb1 Bxd4 33. Qxd4+ Qe5 34. bxc6 bxc6 35. Rb7 Kg8 36. Rxa7 Rb8 37. Rb6 Qxe3+ 38. Qxe3 Nxe3 39. a5 Nc4 40. Nxd5 Nxb6 41. Ne7+ Kh8 42. cxb6 f4 43. Nxg6+ hxg6 44. Bxc6 f3 45. Ra8 1-0

[Event "2026 European Womens Championship"]
[Site "Batumi, GE"]
[Date "2026.06.01"]
[Round "7"]
[White "Matnadze Bujiashvili, Ann"]
[Black "Olde, Margareth"]
[Result "1/2-1/2"]
[Board "80"]
[TimeControl "5400+30"]
[WhiteFideId "13601377"]
[BlackFideId "4503082"]
[WhiteElo "2310"]
[BlackElo "2194"]
[WhiteTitle "IM"]
[BlackTitle "WIM"]
[WhiteClock "0:01:14"]
[BlackClock "0:00:25"]
[Variant "Standard"]

1. d4 Nf6 2. c4 e6 3. Nf3 d5 4. Nc3 Be7 5. g3 dxc4 6. Bg2 Nbd7 7. a4 a5 8. e4 Bb4 9. Qe2 O-O 10. O-O Nb6 11. Qc2 h6 12. Rd1 Bd7 13. Ne5 Be8 14. Be3 Nfd7 15. Nf3 Qe7 16. Bf1 Rd8 17. Nd2 c5 18. Nxc4 Nxc4 19. Bxc4 cxd4 20. Bxd4 Rc8 21. Qe2 Nc5 22. Rdc1 Bc6 23. f3 Rfd8 24. Be3 Bxc3 25. Rxc3 Nxa4 26. Rc2 Qb4 27. Bd2 Qd6 28. Bf4 Qd7 29. Be3 b5 30. Bb3 Qb7 31. Bxa4 bxa4 32. Rac1 Bd7 33. Qe1 Rxc2 34. Rxc2 Rc8 35. Rxc8+ Bxc8 36. Qxa5 Qd7 37. Qd2 Qxd2 1/2-1/2

[Event "2026 European Womens Championship"]
[Site "Batumi, GE"]
[Date "2026.06.01"]
[Round "7"]
[White "Zimina, Olga"]
[Black "Venskaya, Nika"]
[Result "1-0"]
[Board "81"]
[TimeControl "5400+30"]
[WhiteFideId "4132190"]
[BlackFideId "13523503"]
[WhiteElo "2290"]
[BlackElo "1937"]
[WhiteTitle "IM"]
[BlackTitle "WCM"]
[WhiteClock "0:08:18"]
[BlackClock "0:01:17"]
[Variant "Standard"]

1. d4 Nf6 2. Nf3 g6 3. Nbd2 c5 4. dxc5 Qa5 5. a3 Qxc5 6. b4 Qc7 7. Bb2 Bg7 8. e3 O-O 9. Bd3 b6 10. O-O Bb7 11. c4 d6 12. Qb3 Nbd7 13. h3 Rac8 14. Rac1 Qb8 15. Rfd1 Qa8 16. Bf1 Rc7 17. Qa2 Rfc8 18. Qa1 Ne8 19. Nd4 a6 20. Ne2 Bxb2 21. Qxb2 Nef6 22. Nc3 d5 23. cxd5 Nxd5 24. Nxd5 Bxd5 25. Rxc7 Rxc7 26. Rc1 Rxc1 27. Qxc1 b5 28. Qc7 Qb7 29. Qxb7 Bxb7 30. f4 e5 31. Kf2 f6 32. g4 exf4 33. exf4 Kf7 34. Ke3 Ke6 35. Kd4 Kd6 36. Bd3 Nf8 37. Ne4+ Bxe4 38. Bxe4 Ne6+ 39. Ke3 Nc7 40. f5 gxf5 41. Bxf5 Nd5+ 42. Kd4 h6 43. Bc8 Ne7 44. Bb7 Kc7 45. Be4 Kd6 46. Ke3 Nc8 47. Bb7 Nb6 48. Kd4 Nc4 49. a4 Na3 50. a5 Nc2+ 51. Kc3 Ne3 52. Bxa6 Kc6 53. Bc8 Nd5+ 54. Kb3 Nf4 55. h4 Nd5 56. Bf5 Nc7 57. Be4+ Kd6 58. Bb7 Ne6 59. Kc3 Nf4 60. Bf3 Kc7 1-0

[Event "2026 European Womens Championship"]
[Site "Batumi, GE"]
[Date "2026.06.01"]
[Round "7"]
[White "Deak-Sala, Emilia"]
[Black "Velikic, Adela"]
[Result "1/2-1/2"]
[Board "82"]
[TimeControl "5400+30"]
[WhiteFideId "795615"]
[BlackFideId "913553"]
[WhiteElo "2086"]
[BlackElo "2277"]
[WhiteTitle "WFM"]
[BlackTitle "WIM"]
[WhiteClock "0:01:51"]
[BlackClock "0:01:03"]
[Variant "Standard"]

1. e4 c5 2. Nf3 e6 3. d4 cxd4 4. Qxd4 Nc6 5. Qe3 b6 6. Nc3 Bc5 7. Qe2 Bb7 8. Be3 Bb4 9. Bd2 Nf6 10. a3 Bc5 11. e5 Ng4 12. Ne4 Be7 13. Nd6+ Bxd6 14. exd6 Qb8 15. O-O-O a5 16. h3 Ba6 17. Qe1 Nf6 18. Bg5 Bxf1 19. Rxf1 O-O 20. Bxf6 gxf6 21. Nh2 Qd8 22. f4 f5 23. g4 fxg4 24. f5 Qg5+ 25. Kb1 exf5 26. Rd5 Rae8 27. Qc3 Qg7 28. Qd2 Re5 29. Rxf5 Rxd5 30. Rxd5 f5 31. hxg4 Ne5 32. g5 f4 33. Qe2 Ng6 34. Nf3 Qf7 35. Rd1 Re8 36. Qf2 Re3 37. Nh2 Qe6 38. Qg1 Ne5 39. Nf1 Re2 40. Qxb6 Nc4 41. Qd4 Re4 42. Qc3 a4 43. Kc1 Ne3 44. Nxe3 fxe3 45. b3 e2 46. Re1 Qxd6 47. bxa4 Re6 48. a5 Qf4+ 49. Qd2 Qf3 50. Qd3 Qf2 51. Qc3 Qf4+ 52. Qd2 Qe5 53. c3 Qxa5 54. Rxe2 Rxe2 55. Qxe2 Qxc3+ 56. Kb1 Qxa3 57. Qe8+ Qf8 58. Qxd7 Qf1+ 59. Kc2 Qc4+ 60. Kd1 Qb3+ 61. Ke2 Qc4+ 62. Kf3 Qf1+ 63. Kg4 Qe2+ 64. Kf4 Qh2+ 65. Kg4 Qg2+ 1/2-1/2

[Event "2026 European Womens Championship"]
[Site "Batumi, GE"]
[Date "2026.06.01"]
[Round "7"]
[White "Nahapetyan, Ani"]
[Black "Radeva, Viktoria"]
[Result "0-1"]
[Board "83"]
[TimeControl "5400+30"]
[WhiteFideId "13317776"]
[BlackFideId "2915405"]
[WhiteElo "1827"]
[BlackElo "2242"]
[BlackTitle "WGM"]
[WhiteClock "0:11:02"]
[BlackClock "0:04:46"]
[Variant "Standard"]

1. e4 c5 2. Nf3 Nc6 3. d4 cxd4 4. Nxd4 e5 5. Nb5 d6 6. c4 Be6 7. Be2 g6 8. Be3 a6 9. N5c3 Bg7 10. O-O Nd4 11. Na3 Rc8 12. Nd5 Bxd5 13. cxd5 Nf6 14. Bxd4 exd4 15. Qxd4 O-O 16. Qb4 Re8 17. Bd3 a5 18. Qb5 Nxe4 19. Rae1 f5 20. Nc4 Rc5 21. Qxb7 Bd4 22. Bxe4 Rxc4 23. Bd3 Rb4 24. Rxe8+ Qxe8 25. Qc6 Qe7 26. b3 a4 27. Bc4 axb3 28. Bxb3 Rb8 29. Qc4 Qe5 30. Rd1 Bc5 31. h3 Rb4 32. Qc1 Re4 33. Bc4 Rf4 34. Rd2 Rxc4 35. Qxc4 Qe1+ 36. Kh2 Qxd2 37. Qb3 Qxf2 38. Qb8+ Kg7 39. Qc7+ Kh6 0-1

[Event "2026 European Womens Championship"]
[Site "Batumi, GE"]
[Date "2026.06.01"]
[Round "7"]
[White "Tsolakidou, Stavroula"]
[Black "Peycheva, Gergana"]
[Result "1/2-1/2"]
[Board "84"]
[TimeControl "5400+30"]
[WhiteFideId "4264312"]
[BlackFideId "2916711"]
[WhiteElo "2455"]
[BlackElo "2186"]
[WhiteTitle "IM"]
[BlackTitle "FM"]
[WhiteClock "0:26:12"]
[BlackClock "0:45:43"]
[Variant "Standard"]

1. e4 c6 2. d4 d5 3. e5 c5 4. Nf3 cxd4 5. Qxd4 Nc6 6. Qf4 g6 7. Nc3 d4 8. Bc4 Bf5 9. Ne2 Bh6 10. Qg3 Bxc2 11. O-O d3 12. Nc3 d2 13. Bxd2 Bxd2 14. Rad1 Bxd1 15. Rxd1 Qa5 16. Rxd2 Rd8 17. Qf4 e6 18. Rxd8+ Qxd8 19. Ne4 Qd1+ 20. Bf1 Nge7 21. Nd6+ Kd7 22. Qxf7 Qd5 23. Bc4 Qd1+ 24. Bf1 Qd5 25. Bc4 Qd1+ 26. Bf1 Qd5 1/2-1/2

[Event "2026 European Womens Championship"]
[Site "Batumi, GE"]
[Date "2026.06.01"]
[Round "7"]
[White "Osmak, Yuliia"]
[Black "Khurtsilava, Inga"]
[Result "1-0"]
[Board "85"]
[TimeControl "5400+30"]
[WhiteFideId "14101602"]
[BlackFideId "13600419"]
[WhiteElo "2451"]
[BlackElo "2175"]
[WhiteTitle "IM"]
[BlackTitle "WGM"]
[WhiteClock "0:14:53"]
[BlackClock "0:08:34"]
[Variant "Standard"]

1. e4 c6 2. d4 d5 3. e5 Bf5 4. Nf3 e6 5. Be2 c5 6. c3 Nc6 7. O-O h6 8. Be3 Nge7 9. dxc5 Qc7 10. Na3 a6 11. Qa4 Qb8 12. Nd4 g5 13. f4 Bg7 14. Rae1 Be4 15. Bf3 gxf4 16. Bxf4 Bxe5 17. Bxe5 Qxe5 18. b4 O-O 19. Bxe4 dxe4 20. Nc4 Qg7 21. Rxe4 Nxd4 22. cxd4 f5 23. Rxe6 Qxd4+ 24. Ne3 f4 25. Rd1 Qg7 26. Qb3 Kh8 27. Rdd6 Ng8 28. Rg6 Qa1+ 29. Rd1 Qe5 30. Ng4 Qe7 31. Qc3+ Kh7 32. Rdd6 h5 33. Rh6+ Nxh6 34. Rxh6+ Kg8 35. Rh8+ Kf7 36. Rh7+ Ke8 37. Rxe7+ Kxe7 38. Qe5+ Kd7 39. Qd6+ Ke8 40. Ne5 1-0